[Event "Karel Janecek Open 2024"]
[Site "Prague"]
[Date "2024.02.28"]
[Round "1.1"]
[White "Safarli, Eltaj"]
[Black "Nesse, David"]
[Result "1-0"]
[ECO "B31"]
[WhiteElo "2604"]
[BlackElo "2002"]
[Annotator "TA"]
[PlyCount "65"]
[EventDate "2024.02.22"]
[EventType "swiss"]
[EventCountry "CZE"]
[SourceTitle "playchess.com"]
[Source "ChessBase"]
[SourceQuality "1"]
[TimeControl "40/5400+30:1800+30"]

1. e4 c5 2. Nf3 Nc6 3. Bb5 g6 4. O-O Bg7 5. Nc3 d6 6. e5 dxe5 7. Bxc6+ bxc6 8. Re1 Qc7 {[%emt 0:01:19] The position is equal.} 9. d3 c4 10. h3 {[%emt 0:00:17] Dodges Bg4} ({Much worse is} 10. dxc4 f5 $15) 10... cxd3 11. cxd3 Be6 12. Qe2 Nf6 13. Nxe5 Nd5 {[%emt 0:05:14] Repels Bf4} 14. Nxd5 Qxe5 15. Qxe5 Bxe5 {[%emt 0:00:08] This pair of bishops is nice.} 16. Nxe7 Kxe7 17. Rxe5 Rhd8 18. Re3 Rd5 19. Kf1 Rad8 20. Ke2 Kf8 21. g4 Ra5 22. a4 Bb3 23. Ra3 Rb8 24. Re4 Bd5 25. Rd4 Bg2 26. Bh6+ Ke7 27. b4 c5 28. bxc5 {[%emt 0:02:29] Bf4 is the strong threat.} Rxc5 29. Ra2 {[%emt 0:08:22] Against Rb2+} g5 {[%emt 0:03:56][%cal Ob8b6] [#] ...Rb6! would now be deadly.} 30. f4 f6 ({Black should play} 30... Rd5 $14 31. Rxd5 (31. Bxg5+ f6 $11) 31... Bxd5) 31. Kf2 Bxh3 $2 (31... Rd5 $16 32. Re2+ Kd6 33. Rxd5+ Bxd5 34. fxg5 fxg5 35. Bxg5 Rb3) 32. Kg3 Bf1 {[%emt 0:02:36] Prevents Re2+.} 33. Rf2 {[%emt 0:00:00] Weighted Error Value: White=0.08 (flawless) /Black=0.36.  Loses game:     	---       	Black=1      Mistake:       	---       	Black=1      Inaccurate:     	White=2     	Black=3      OK:         	White=14    	Black=9} 1-0

[Event "Karel Janecek Open 2024"]
[Site "Prague"]
[Date "2024.02.28"]
[Round "1.2"]
[White "Phatak Aanjaneya"]
[Black "Bernadskiy, Vitaliy"]
[Result "0-1"]
[ECO "B80"]
[WhiteElo "1974"]
[BlackElo "2566"]
[Annotator "TA"]
[PlyCount "66"]
[EventDate "2024.02.22"]
[EventType "swiss"]
[EventCountry "CZE"]
[SourceTitle "playchess.com"]
[Source "ChessBase"]
[SourceQuality "1"]
[TimeControl "40/5400+30:1800+30"]

1. e4 c5 2. Nf3 Nc6 3. d4 cxd4 4. Nxd4 e6 5. Nc3 d6 6. Be3 Nf6 7. f3 Be7 8. Qd2 h5 9. O-O-O a6 {[%emt 0:00:03] Dodges Ndb5} 10. Kb1 Bd7 {[%emt 0:01:00] White is slightly better.} 11. Rg1 Rc8 12. h3 h4 13. Qf2 {[%emt 0:06:09][%cal Od4b5] Strongly threatening Ndb5!} Qc7 14. Nxc6 Bxc6 {[%emt 0:01:22] [#]} 15. Bb6 $1 Qb8 16. g4 hxg3 17. Rxg3 g6 18. Ba7 Qa8 19. Bd4 b5 20. Bd3 e5 21. Be3 b4 22. Ne2 Bd7 23. Bg5 a5 24. Qe3 Qc6 25. f4 Nh5 26. Bxe7 $1 Nxg3 ({Better is} 26... Kxe7 $15 27. Rg5 Qc5) 27. Qxg3 $4 (27. fxe5 $1 $11 {and White stays safe.} dxe5 (27... Kxe7 28. Qxg3 dxe5 29. Qxe5+ Qe6 30. Qd4 $11) 28. Qxg3 Kxe7 29. Qxe5+ Be6 30. Rf1 (30. Qxa5 $2 Qc5 $17) (30. Nf4 Rhd8 $11)) 27... Rxh3 $19 ({Inferior is} 27... Kxe7 28. fxe5 Rxh3 (28... Bxh3 $2 {too greedy.} 29. Nf4 $18) 29. exd6+ Kf8 (29... Qxd6 $2 {perishes.} 30. Qxd6+ Kxd6 31. Bb5+ Kc7 32. Rxd7+ Kb6 33. a4 $16) 30. Qe5 $11) 28. Qg5 {[%emt 0:05:41] [#]} (28. Qe1 $19 Kxe7 29. Qd2) 28... Rxd3 $1 {[%emt 0:00:15][%mdl 512] Black mates.} 29. Rc1 {[%emt 0:00:12] [#]} Rd1 $3 30. fxe5 (30. Nd4 exd4) 30... Qxc2+ 31. Ka1 Qxc1+ 32. Nxc1 Rcxc1+ 33. Qxc1 Rxc1# {[%emt 0:00:04] Weighted Error Value: White=0.44/Black=0.06 (flawless) .  Loses game:     	White=1     	---        Mistake:       	White=1     	Black=1      Inaccurate:     	White=2     	Black=1      OK:         	White=7     	Black=11     Best:        	---       	Black=1      Strong:       	White=2     	---        Brilliant:      	---       	Black=1} 0-1

[Event "Karel Janecek Open 2024"]
[Site "Prague"]
[Date "2024.02.28"]
[Round "1.3"]
[White "Amar, Elham"]
[Black "Kudrytskyi, Stanislav"]
[Result "1-0"]
[ECO "C41"]
[WhiteElo "2555"]
[BlackElo "1992"]
[Annotator "TA"]
[PlyCount "81"]
[EventDate "2024.02.22"]
[EventType "swiss"]
[EventCountry "CZE"]
[SourceTitle "playchess.com"]
[Source "ChessBase"]
[SourceQuality "1"]
[TimeControl "40/5400+30:1800+30"]

1. e4 d6 2. d4 Nf6 3. Nc3 e5 4. Nf3 Nbd7 5. Bc4 Be7 6. a4 O-O 7. O-O c6 8. Re1 h6 9. h3 exd4 10. Qxd4 Qb6 11. a5 {[%emt 0:03:02] White has more active pieces.} Qxd4 {[%emt 0:21:48] White is slightly better.} 12. Nxd4 Re8 13. Bf4 Bf8 14. Rad1 Nc5 15. f3 Ne6 16. Bxe6 Bxe6 17. a6 Bc8 ({Black should play} 17... bxa6 $14 18. Nxc6 Rec8) 18. axb7 Bxb7 19. Nf5 d5 20. Bd6 Rad8 {[%emt 0:02:54] White stays focused until the end.} ({Black should try} 20... Bc8 $14) 21. Bxf8 $16 Kxf8 {[%emt 0:01:02] [#]} 22. e5 $1 $36 {[%emt 0:00:21][%mdl 2048] Black is under strong pressure.} Nh5 {[%emt 0:00:30] Black is weak on the dark squares} 23. Na4 {[%emt 0:01:05] Nc5 is the strong threat.} Nf4 24. Nc5 Ba8 (24... Bc8 $16 25. Nd4 Re7) 25. Nd4 $18 {[%emt 0:01:06] And now Ra1 would win. Excellent horsemanship.} Ne6 26. Ndxe6+ fxe6 27. Rd4 (27. Ra1 Re7 28. Ra4 Rb8 $16) 27... Re7 28. Ra1 {[%emt 0:00:17] Threatens to win with Rda4.} Rb8 29. b4 Ke8 30. c3 Rc8 31. f4 g6 32. g4 Rcc7 33. Kg2 Kd8 34. Rd2 Kc8 35. Kg3 Bb7 36. Rxa7 Kb8 (36... g5 {keeps fighting.} 37. Rf2 Re8) 37. Rda2 {[%emt 0:00:09] White is clearly winning.} Rc8 {[%emt 0:00:32] [#]} 38. f5 $1 gxf5 39. gxf5 exf5 40. Kf4 Rf8 41. e6 {[%emt 0:30:05] Weighted Error Value: White=0.07 (flawless) /Black=0.31.  Mistake:       	---       	Black=4      Inaccurate:     	White=2     	Black=3      OK:         	White=14    	Black=7      Strong:       	White=1     	---        Brilliant:      	White=1     	---} 1-0

[Event "Karel Janecek Open 2024"]
[Site "Prague"]
[Date "2024.02.28"]
[Round "1.4"]
[White "Ilandzis, Spyridon"]
[Black "Li, Di"]
[Result "0-1"]
[ECO "D37"]
[WhiteElo "1925"]
[BlackElo "2563"]
[Annotator "TA"]
[PlyCount "38"]
[EventDate "2024.02.22"]
[EventType "swiss"]
[EventCountry "CZE"]
[SourceTitle "playchess.com"]
[Source "ChessBase"]
[SourceQuality "1"]
[TimeControl "40/5400+30:1800+30"]

1. d4 Nf6 2. c4 e6 3. Nf3 d5 4. Nc3 a6 5. c5 b6 6. cxb6 c5 (6... cxb6 {simplifies} 7. Bf4 Bd6 8. e3 Nc6) 7. Bg5 cxd4 8. Qxd4 {[%emt 0:02:11] The position is equal.} Nc6 9. Qa4 Bd7 (9... Qxb6 {simplifies} 10. Bxf6 gxf6 11. e3 Bd7) 10. e3 Qxb6 11. Bxf6 gxf6 12. Bb5 Rb8 ({Don't play} 12... axb5 $6 13. Qxa8+ Nb8 14. Rc1 $16) 13. Qxa6 (13. Bxc6 $15 Bxc6 14. Qf4) 13... Qxa6 $19 14. Bxa6 {[%emt 0:00:10] [#]} Nb4 $1 ({Weaker is} 14... Rxb2 15. O-O $15) 15. Be2 Nc2+ 16. Kd2 Nxa1 17. Rxa1 $2 (17. Rb1 {was forced.}) 17... Rxb2+ {[%emt 0:00:05] Black is clearly winning.} 18. Kd1 Bb4 19. Rc1 Ke7 {[%emt 0:00:38] White got outplayed after the opening.   Weighted Error Value: White=0.61/Black=0.04 (flawless) .  Loses game:     	White=1     	---        Mistake:       	White=1     	---        Inaccurate:     	White=2     	---        OK:         	White=4     	Black=4      Best:        	White=1     	Black=3      Strong:       	---       	Black=1} 0-1

[Event "Karel Janecek Open 2024"]
[Site "Prague"]
[Date "2024.02.28"]
[Round "1.5"]
[White "Kourkoulos-Arditis, Stamatis"]
[Black "Tesar, Jakub"]
[Result "1-0"]
[ECO "B12"]
[WhiteElo "2547"]
[BlackElo "1758"]
[Annotator "TA"]
[PlyCount "93"]
[EventDate "2024.02.22"]
[EventType "swiss"]
[EventCountry "CZE"]
[SourceTitle "playchess.com"]
[Source "ChessBase"]
[SourceQuality "1"]
[TimeControl "40/5400+30:1800+30"]

1. e4 c6 2. d4 d5 3. e5 Bf5 4. Nf3 e6 5. Be2 Nd7 6. O-O Ne7 7. Nbd2 a5 8. a4 c5 9. dxc5 Nc6 {[%emt 0:00:43] The position is equal.} 10. Nb3 Bg6 11. Bb5 Nxc5 12. Nfd4 Qc7 13. Be3 Nd7 14. f4 h5 (14... Be7 $14) 15. f5 exf5 16. e6 Nf6 17. exf7+ (17. Nxf5 $6 fxe6 18. Bf4 e5 $11) 17... Kxf7 18. Nxf5 Qe5 19. Bxc6 bxc6 20. Bd4 Qe4 21. Nd2 {[%emt 0:04:44][%cal Bb3d2,Bd2f3,Bf3g5][%mdl 32] Excellent horsemanship.} Qe6 {[%emt 0:02:00] [#]} 22. Nf3 $1 {[%emt 0:00:58] Threatens to win with Ng5+.} Kg8 23. Ng5 $36 {[%emt 0:00:35][%mdl 2048] White is on the roll.} Qe8 24. Qd3 {[%emt 0:05:55] White has more active pieces.} Bxf5 (24... Qd7 $16 {was necessary.}) 25. Qxf5 Rh6 (25... Qd7 $16 26. Qxd7 (26. Bxf6 Qxf5 27. Rxf5 gxf6 $16) 26... Nxd7) 26. Rae1 $18 Qd7 27. Re6 {[%emt 0:00:37][%cal Re6f6] aiming for Rxf6.} Rd8 $2 (27... Nh7 {keeps fighting.} 28. Rxh6 Qxf5 29. Rxf5 gxh6) 28. Rf3 (28. Bb6 $142 Rb8 29. Rxf6 (29. Bxa5 Ne4 $11) 29... Qxf5 30. R6xf5) 28... Bd6 29. Bxf6 Rf8 30. Kh1 {[%emt 0:06:27][%cal Oc2c4] Strongly threatening c4!} Bb8 $2 {[%emt 0:04:11][%mdl 8192] Black cannot hold the game after this.} (30... gxf6 $16 31. h4 Qd8) 31. Re7 {[%emt 0:04:41] White is clearly winning.} Qxf5 32. Rxg7+ (32. Rxf5 Rhxf6 33. Rxf6 gxf6 $11) 32... Kh8 33. Nf7+ ({Not} 33. Rxf5 Rhxf6 34. Rxf6 Kxg7 35. Rxf8 (35. Rxc6 $2 Rf1#) 35... Kxf8 $16) 33... Rxf7 34. Rxf7+ Rxf6 35. Rxf5 {[%emt 0:00:05][%mdl 4096] Endgame. KRR-KRB} Re6 36. g3 Be5 37. c3 Kg8 38. Rd7 h4 39. gxh4 Bd6 40. Kg2 Bc5 41. Kf3 Re3+ 42. Kg4 Re2 43. Kh5 Be7 44. Rc7 Re6 45. Kg4 Kg7 46. h5 Kg8 {[%emt 0:00:00] [#]} 47. h6 $1 {[%emt 0:00:00] Weighted Error Value: White=0.23 (precise) /Black=0.49.  Loses game:     	---       	Black=1      Mistake:       	White=1     	Black=4      Inaccurate:     	White=4     	Black=1      OK:         	White=8     	Black=10     Best:        	White=3     	Black=1} 1-0

[Event "Karel Janecek Open 2024"]
[Site "Prague"]
[Date "2024.02.28"]
[Round "1.6"]
[White "Tolhuizen, Ludo"]
[Black "Heberla, Bartlomiej"]
[Result "0-1"]
[ECO "E14"]
[WhiteElo "1993"]
[BlackElo "2546"]
[Annotator "TA"]
[PlyCount "46"]
[EventDate "2024.02.22"]
[EventType "swiss"]
[EventCountry "CZE"]
[SourceTitle "playchess.com"]
[Source "ChessBase"]
[SourceQuality "1"]
[TimeControl "40/5400+30:1800+30"]

1. d4 Nf6 2. Nf3 e6 3. e3 b6 4. Bd3 Bb7 5. O-O c5 6. c4 cxd4 7. exd4 Be7 8. Nc3 O-O {[%emt 0:00:06] [#]} 9. d5 $1 Na6 10. Re1 Nc7 11. dxe6 Nxe6 {[%emt 0:02:59] The position is equal.} 12. Nd5 Re8 13. b3 Nxd5 14. cxd5 Nc7 15. Bb2 {[%emt 0:23:20] [#] Against Bf6. Ne5 is the strong threat.} Bf6 16. Rxe8+ Nxe8 17. Bxf6 Qxf6 18. Bc4 Nd6 19. a4 Rc8 {[%emt 0:01:46] Black is more active.} 20. Rc1 Qf4 21. g3 Qe4 22. Ng5 ({White should try} 22. Nd2 $1 $15 Qd4 23. Be2) 22... Qf5 $17 23. Qd2 (23. h4 $17) 23... h6 {[%emt 0:00:31] Weighted Error Value: White=0.56/Black=0.00 (flawless) .  Loses game:     	White=1     	---        Mistake:       	White=1     	---        Inaccurate:     	White=1     	---        OK:         	White=3     	Black=9      Best:        	---       	Black=1} 0-1

[Event "Karel Janecek Open 2024"]
[Site "Prague"]
[Date "2024.02.28"]
[Round "1.7"]
[White "Bharath Subramaniyam H"]
[Black "Taus, Martin"]
[Result "1-0"]
[ECO "D02"]
[WhiteElo "2515"]
[BlackElo "1994"]
[Annotator "TA"]
[PlyCount "41"]
[EventDate "2024.02.22"]
[EventType "swiss"]
[EventCountry "CZE"]
[SourceTitle "playchess.com"]
[Source "ChessBase"]
[SourceQuality "1"]
[TimeControl "40/5400+30:1800+30"]

1. d4 d5 2. Nf3 Nc6 3. Bf4 Bg4 4. e3 e6 5. c4 Bd6 6. cxd5 exd5 7. Bxd6 Qxd6 8. Nc3 Nf6 9. Be2 O-O 10. O-O Ne4 11. Rc1 {[%emt 0:04:28] White is slightly better.} Rfe8 12. a3 Re6 (12... Nxc3 $11 13. Rxc3 Nd8) 13. h3 Bh5 14. b4 (14. Nxe4 {simplifies} dxe4 15. Nd2 Bxe2 16. Qxe2 Nd8 17. b4) 14... a6 15. Na4 (15. Nxe4 {simplifies} dxe4 16. Nd2 Bxe2 17. Qxe2 Rae8 18. b5) 15... b6 16. Nc3 Rg6 ({Black should try} 16... Bxf3 $14 17. Bxf3 Nxc3 18. Rxc3 g6) 17. Nh4 Nxc3 ({Better is} 17... Bxe2 18. Qxe2 (18. Nxe2 Rf6 $16) 18... Re6) 18. Rxc3 $16 Bxe2 19. Qxe2 Re6 20. Qc2 {[%emt 0:01:20] aiming for Nf5.} a5 $2 {[%emt 0:06:30] [#]} (20... g6 $16 21. Rc1 Na7 22. Rxc7 Qf8) 21. Nf5 $1 {[%emt 0:01:17] Weighted Error Value: White=0.20 (precise) /Black=0.48.  Loses game:     	---       	Black=1      Mistake:       	---       	Black=3      Inaccurate:     	White=3     	Black=2      OK:         	White=2     	Black=2      Strong:       	White=1     	---} 1-0

[Event "Karel Janecek Open 2024"]
[Site "Prague"]
[Date "2024.02.28"]
[Round "1.8"]
[White "Pousada Garcia, Victor Daniel"]
[Black "Polak, Tomas"]
[Result "0-1"]
[ECO "B18"]
[WhiteElo "1965"]
[BlackElo "2525"]
[Annotator "TA"]
[PlyCount "54"]
[EventDate "2024.02.22"]
[EventType "swiss"]
[EventCountry "CZE"]
[SourceTitle "playchess.com"]
[Source "ChessBase"]
[SourceQuality "1"]
[TimeControl "40/5400+30:1800+30"]

1. e4 c6 2. d4 d5 3. Nc3 dxe4 4. Nxe4 Bf5 5. Ng3 Bg6 6. f4 e6 7. Nf3 Nd7 8. Bd3 Qc7 ({Better is} 8... Bd6 $11) 9. O-O {[%emt 0:00:48] With the idea f5.} O-O-O 10. f5 exf5 {[%emt 0:01:19] White is slightly better.} 11. Nxf5 Ne7 (11... f6 $14) 12. Ng5 $2 {[%emt 0:08:09] [#]} (12. Bf4 $1 $16 Qxf4 13. Ne5) 12... Nxf5 $17 13. Bxf5 {[%emt 0:00:15] aiming for Bh3.} Bd6 $1 14. h3 {[%emt 0:02:25] Bxg6 would now be deadly.} Bxf5 15. Rxf5 Nf6 16. Qf3 {[%emt 0:02:56] [#]} (16. Qd3 $17 {was necessary.}) 16... Rhe8 $1 $19 {[%emt 0:06:31] Hoping for ...Re1+.} 17. Qd3 $2 (17. Be3) 17... Bh2+ 18. Kf1 Nh5 $2 (18... Qe7 $19 {[%csl Ge8][%cal Re7e1] has better winning chances.} 19. Bf4 Rxd4 (19... Bxf4 $2 20. Rxf4 Nd5 21. Qf5+ Kb8 22. Re4 $19) 20. Bxh2 Rxd3 21. cxd3 Qe2+ (21... Nd5 $2 22. Kg1 $19) 22. Kg1 Qxb2) 19. Rxf7 $17 Rd7 (19... Ng3+ $17 20. Kf2 Nh1+ 21. Kf1 Qa5 (21... Ng3+ 22. Kf2 $15)) 20. Rxd7 $11 Qxd7 $40 {[%emt 0:01:09][%mdl 128] Black mounts an attack.} 21. Bd2 $2 {[%emt 0:05:25][%mdl 8192] Loses the game.} (21. Be3 $1 $15) 21... Ng3+ $19 {[%emt 0:02:58] Black is clearly winning.} 22. Kf2 Re2+ 23. Qxe2 Nxe2 24. Kxe2 Qxd4 25. Rf1 {[%emt 0:02:23] Strongly threatening Rf8+.} Qc4+ 26. Kf2 {[%emt 0:00:29] [#]} Bg3+ $1 27. Kg1 (27. Kxg3 Qxf1) 27... Qd4+ {[%emt 0:00:09] Weighted Error Value: White=1.00/Black=0.42.  Loses game:     	White=1     	---        Missed win:     	---       	Black=1      Mistake:       	White=3     	Black=2      Inaccurate:     	White=1     	---        OK:         	White=2     	Black=6      Best:        	White=5     	Black=3      Strong:       	---       	Black=2} 0-1

[Event "Karel Janecek Open 2024"]
[Site "Prague"]
[Date "2024.02.28"]
[Round "1.9"]
[White "Popovic, Dusan"]
[Black "Topencik, Bruno"]
[Result "1-0"]
[ECO "A11"]
[WhiteElo "2504"]
[BlackElo "1874"]
[Annotator "TA"]
[PlyCount "85"]
[EventDate "2024.02.22"]
[EventType "swiss"]
[EventCountry "CZE"]
[SourceTitle "playchess.com"]
[Source "ChessBase"]
[SourceQuality "1"]
[TimeControl "40/5400+30:1800+30"]

1. Nf3 Nf6 2. g3 d5 3. Bg2 Bf5 4. O-O e6 5. d3 h6 6. c4 c6 7. Qb3 Qb6 8. Be3 Qxb3 9. axb3 a6 $1 {[%emt 0:03:30] The position is equal.} 10. Bd2 Nbd7 11. Bc3 Be7 12. Nbd2 O-O 13. b4 Rfe8 14. Rfd1 Bh7 15. Rac1 Rad8 16. Nb3 Bf8 17. Na5 Rb8 18. Ne5 Red8 {[%emt 0:07:16] [#]} (18... Be7 $14) 19. Nexc6 $1 {[%emt 0:14:11][%mdl 512] White is much more active.} bxc6 20. Nxc6 Rdc8 21. Nxb8 Rxb8 22. c5 {[%emt 0:01:13] Threatens to win with Ra1.} Rc8 (22... Ne8 $16 {was worth a try.}) 23. e4 Be7 24. Ra1 Nb8 25. f3 (25. Bxf6 $18 Bxf6 26. exd5 exd5 27. Bxd5 Bxb2 28. Ra2) 25... Ne8 $14 26. f4 Nc7 27. Be5 {[%emt 0:01:37] Hoping for Bxc7.} Bf6 (27... Nc6 $14) 28. Bxc7 $1 $18 Bd4+ 29. Kf1 Rxc7 {[%emt 0:00:13] [#]} 30. exd5 (30. b5 $1 $18) 30... exd5 $16 {[%emt 0:00:10] [#]} 31. Bxd5 (31. b5 $1 $16) 31... Bxb2 {[%emt 0:01:05] This move loses the game for Black.} (31... Bf5 $1 $14) 32. Ra2 $18 Bd4 33. Be4 {[%emt 0:02:47] Prevents Bf5.} Bxe4 $2 (33... Rc8 34. Rc1 Bxe4 35. dxe4 Nc6) 34. dxe4 Bf6 {[%emt 0:00:53] [#]} 35. b5 $1 axb5 (35... Kh7 36. bxa6) 36. Ra8 Rc8 {[%emt 0:01:36] [#]} 37. c6 $1 Kh7 (37... g6 38. Rd5) 38. c7 Rxc7 39. Rxb8 Rc2 (39... Be7 $142 40. Rxb5 Bf8) 40. e5 Be7 41. Rd7 {[%emt 0:04:44] Strongly threatening f5.} Ba3 42. f5 Bc5 43. Rxf7 {[%emt 0:00:18] Weighted Error Value: White=0.22 (precise) /Black=0.47.  Mistake:       	White=3     	Black=6      Inaccurate:     	White=2     	Black=1      OK:         	White=13    	Black=9      Best:        	White=3     	Black=1      Strong:       	White=1     	Black=1} 1-0

[Event "Karel Janecek Open 2024"]
[Site "Prague"]
[Date "2024.02.28"]
[Round "1.10"]
[White "Bezeyko, Olexander"]
[Black "Sadzikowski, Daniel"]
[Result "0-1"]
[ECO "C22"]
[WhiteElo "1851"]
[BlackElo "2497"]
[Annotator "TA"]
[PlyCount "102"]
[EventDate "2024.02.22"]
[EventType "swiss"]
[EventCountry "CZE"]
[SourceTitle "playchess.com"]
[Source "ChessBase"]
[SourceQuality "1"]
[TimeControl "40/5400+30:1800+30"]

1. e4 e5 2. d4 exd4 3. Qxd4 Nc6 4. Qc4 Nf6 5. Nc3 Bb4 6. Bd2 O-O 7. O-O-O a5 8. f3 {[%emt 0:05:53] The position is equal.} (8. Nh3 {with more complications.} Re8 9. Ng5 Re7 10. f3) 8... Ne5 9. Qe2 Re8 10. Qf2 d5 11. exd5 c6 12. Nge2 Nxd5 13. Qd4 {[%emt 0:19:16] Against Nc4} Bf5 (13... b6 {simplifies} 14. Nxd5 Bc5 15. Qf4 cxd5 16. Kb1 b5) 14. Ng3 Qf6 (14... Nxc3 $11 15. Bxc3 Bxc3 16. Qxc3 Qg5+ 17. Kb1 Bg6) 15. Nxd5 $14 cxd5 16. Nxf5 Qxf5 17. Bxb4 (17. Qxd5 $2 Rad8 18. Qb5 (18. Qxb7 $2 Bxd2+ 19. Kb1 Rb8 $19) 18... Bxd2+ 19. Kb1 (19. Rxd2 $2 Qg5 $19) 19... g6 $19) (17. c3 $14) 17... axb4 $11 18. Qxd5 Qg5+ 19. Qd2 (19. f4 $1 $11 Qxf4+ 20. Kb1) 19... Qxd2+ $1 $15 20. Kxd2 (20. Rxd2 Rxa2 21. Rd1 (21. Kb1 Ra5 $17) 21... Ra1+ 22. Kd2 Rxd1+ 23. Kxd1 Ra8 $17) 20... Red8+ (20... Rxa2 $2 21. Rb1 $19) 21. Kc1 Rxd1+ 22. Kxd1 Rxa2 $11 {[%emt 0:00:07][%mdl 4096] Endgame. KRB-KRN} 23. b3 {[%emt 0:00:45] Dodges Nc4} Kf8 24. Kd2 Ra1 25. h3 Nc6 26. f4 Nd4 27. g4 {[%emt 0:00:33] Inhibits Nf5.} b5 28. f5 Ke7 29. h4 ({Don't play} 29. Bg2 Nxb3+ 30. Ke3 (30. cxb3 Ra2+ 31. Kc1 Rxg2 $17) 30... Rxh1 31. Bxh1 Na5 $17) (29. Ke3 $1 $15 Rd1 (29... Nxc2+ 30. Kd3 $17) 30. Ke4) 29... h6 {[%emt 0:00:31] Black has more active pieces.} (29... Kd6 $17 {And now ...f6 would win.} 30. h5 Ke5) 30. Bg2 Nxb3+ 31. Ke3 (31. cxb3 $142 Ra2+ 32. Kc1 Rxg2 33. Re1+ Kd6 34. Re4) 31... Ra2 (31... Rxh1 $17 32. Bxh1 Na5) 32. Be4 (32. Rb1 $15 Na5 (32... Rxc2 33. Rxb3 Rxg2 34. Rxb4 $11) 33. Be4) 32... Nc5 $17 {[%emt 0:00:12] aiming for ...Nxe4.} 33. Re1 Kf6 (33... Nxe4 $17 34. Kxe4 Kd6 (34... Rxc2 $2 {loses.} 35. Kd3+ Kf6 36. Kxc2 $18)) 34. Kf4 $11 g5+ 35. fxg6 fxg6 36. g5+ hxg5+ 37. hxg5+ Kg7 {[%emt 0:00:08] ...Nxe4 would now be deadly.} 38. Ke5 {[%emt 0:01:29][%mdl 8192] This costs White the game.} (38. Rd1 $11 {and White is okay.}) 38... Nxe4 $19 39. Rxe4 Rxc2 40. Rxb4 {[%emt 0:00:21] KR-KR} Rc5+ 41. Kf4 $2 {[%emt 0:30:03] [#]} (41. Kd4 $19 Rxg5 42. Rb3) 41... Rc4+ {[%emt 0:30:26] Black mates.} 42. Rxc4 bxc4 {[%emt 0:00:05] KPP-KP} 43. Ke4 Kf7 44. Kd4 Ke6 45. Kxc4 {[%emt 0:00:01] KP-KP} Kf5 46. Kd3 Kxg5 47. Ke3 Kg4 48. Kf2 {[%emt 0:00:03] [#]} Kh3 $1 49. Kg1 Kg3 50. Kf1 g5 51. Kg1 g4 {[%emt 0:00:10] Weighted Error Value: White=0.38/Black=0.15 (very precise) .  Loses game:     	White=1     	---        Mistake:       	White=6     	Black=4      Inaccurate:     	White=3     	Black=3      OK:         	White=6     	Black=16     Best:        	White=6     	Black=6      Strong:       	---       	Black=1} 0-1